 Dungeon Crawl Stone Soup version 0.28.0-53-g5a82cb258f (webtiles) character file.

Game seed: 10169023504151707173

12 Descartes the Sneak (level 2, 0/14 HPs)
             Began as a Felid Delver on July 4, 2022.
             Slain by a hound (3 damage)
             ... on level 5 of the Dungeon.
             The game lasted 00:00:20 (439 turns).

Descartes the Sneak (Felid Delver)                   Turns: 439, Time: 00:00:20

Health: 0/14       AC:  1    Str:  8    XL:     2   Next: 20%
Magic:  3/3        EV: 18    Int: 11    God:
Gold:   30         SH:  0    Dex: 17    Spells: 1/1 levels left
                                        Lives:  0   Deaths: 0

rFire   . . .      SeeInvis +     - Unarmed
rCold   . . .      Faith    .   (shield unavailable)
rNeg    . . .      Spirit   .   (armour unavailable)
rPois   .          Reflect  .   (helmet unavailable)
rElec   .          Harm     .   (cloak unavailable)
rCorr   .          Rampage  .   (gloves unavailable)
Will    .....                   (boots unavailable)
Stlth   ++++......              (no amulet)
HPRegen 0.04/turn               (no ring)
MPRegen 0.08/turn               (no ring)

@: quick
A: very small, claws 1, fangs 3, see invisible, speed 1, shaggy fur 1, stealthy
paws, no weapons or thrown items, no armour, multi-lived
a: no special abilities


You were on level 5 of the Dungeon.
You visited 1 branch of the dungeon, and saw 1 of its levels.

You collected 30 gold pieces.

Inventory:

Wands
 e - a wand of digging (3)
Scrolls
 a - a scroll of fog
 b - a scroll of magic mapping
 c - a scroll of fear
Potions
 d - a potion of haste


   Skills:
 - Level 3.0 Fighting
 + Level 3.0 Dodging
 * Level 7.0 Stealth
 + Level 2.2 Unarmed Combat


You had one spell level left.
You didn't know any spells.
Your spell library was empty.

Dungeon Overview and Level Annotations

Branches:
Dungeon (5/15)
 Temple: D:4-7

Altars:
Nemelex Xobeh


Innate Abilities, Weirdness & Mutations

You have sharp claws.
You have razor-sharp teeth.
You have supernaturally acute eyesight. (SInv)
You cover ground quickly. (Speed+)
You are covered in fur. (AC +1)
Your paws help you pounce on unaware monsters.
You are incapable of wielding weapons or throwing items.
You cannot wear armour.
You gain extra lives every three experience levels.


Message History

You are too injured to fight recklessly!
You are too injured to fight recklessly!
You are too injured to fight recklessly!
You are too injured to fight recklessly!
You are too injured to fight recklessly!
You are too injured to fight recklessly!
You miss the adder.
The adder is heavily wounded.
The adder closely misses you.
You scratch the adder.
The adder is almost dead.
The adder bites you.
* * * LOW HITPOINT WARNING * * *
You miss the adder. Your bite misses the adder.
The adder is almost dead.
The adder closely misses you. x2
You scratch the adder.
You kill the adder!
Your Dodging skill increases to level 3!
Your Stealth skill increases to level 7!
You have reached level 2!
HP restored.
You now have 30 gold pieces (gained 12).
A hound comes into view.
The hound barks!
The hound barely misses you.
You closely miss the hound. The hound barely misses you. The hound bites you.
You scratch the hound but do no damage. You bite the hound, but do no damage.
The hound bites you.
* * * LOW HITPOINT WARNING * * *
You closely miss the hound. You claw the hound. You bite the hound.
The hound is heavily wounded.
The hound closely misses you. The hound barely misses you.
You scratch the hound.
The hound is severely wounded.
The hound closely misses you.
You scratch the hound.
The hound is severely wounded.
The hound bites you.
You die...

######### #........
#.....### #........
##......##
.........#
#################.#
#..@h.............##
#.########..........
#.# #.......##.....
#.# #.###.#.##.....
#.# #.# #.#.##.....
#.# #.# #.#.##.....
#.# #.# #.#.##.....
#.# #.# #.#........
#.# #.# #.####.....


You could see a hound.

Vanquished Creatures
  An adder (D:5)
  A dart slug (D:5)
2 creatures vanquished.

Notes
Turn   | Place    | Note
-------+----------+-------------------------------------------
     0 | D:5      | Descartes the Felid Delver began the quest for the Orb.
     0 | D:5      | Reached XP level 1. HP: 10/10 MP: 2/2
    27 | D:5      | Found a sparkling altar of Nemelex Xobeh.
    83 | D:5      | Reached skill level 7 in Stealth
    83 | D:5      | Reached XP level 2. HP: 1/14 MP: 3/3
   439 | D:5      | Slain by a hound

Illustrated notes

Levels and vault maps discovered:
D:5:      layout_basic, nemelex_xobeh_ov_fountains_minmay,
          minmay_temple_entry_mini_moons

Skill      XL: |  1 |
---------------+----+-----
Dodging        | 3 |  3.0
Stealth        | 7 |  7.0
Fighting       | |  3.0
Unarmed Combat | |  2.2

Action                   || total
-------------------------++-------
Melee: Unarmed           ||    17
       Bite              ||     3
       Punch             ||     1
 Stab: Sleeping          ||     1
Armor: Skin              ||     1
Dodge: Dodged            ||    15
